Map: Ulrena

Players

오이겐 - Winner!

  • Race: Terran Terran
  • League: Diamond

ILLBdA

  • Race: Protoss Protoss
  • League: Diamond

VOD

Have the link to the VOD?

Description

Time

  • Played on: Dec. 17, 2015, 9:09 a.m.
  • Length: 6:16
Show
View Real Time Build Order
Export as new Build Order

오이겐 Terran - Winner!

Build Orders: Liberator Opening 

Get SALT Encoding   

  12  0:01  SCV  
  13  0:13  SCV  
  14  0:17  Supply Depot  
  14  0:25  SCV  
  15  0:29  Refinery  
  15  0:39  SCV  
  16  0:45  Barracks  
  16  0:51  SCV  
  17  1:03  SCV  
  18  1:15  SCV  
  19  1:30  Supply Depot  
  19  1:38  Orbital Command  
  19  1:40  Marine  
  20  1:47  Bunker  
  20  1:49  Factory  
  20  1:51  Refinery  
  20  1:59  Marine  
  21  2:05  SCV  
  22  2:13  Engineering Bay  
  22  2:23  Marine  
  22  2:24  Bunker  
  22  2:26  SCV  
  24  2:39  Starport  
  24  2:40  Factory Reactor  
  24  2:47  Marine  
  25  3:11  SCV  
  26  3:16  Supply Depot  
  26  3:25  Supply Depot  
  26  3:38  SCV, Marine  
  28  3:44  Liberator x2  
  28  3:56  SCV  
  28  3:59  Widow Mine  
  28  4:02  Marine  
  38  4:08  SCV, Bunker  
  39  4:16  Supply Depot  
  39  4:20  SCV, Marine  
  41  4:25  Missile Turret  
  41  4:32  SCV, Widow Mine  
  44  4:55  SCV  
  44  4:57  Liberator  
  45  5:02  Command Center  
  45  5:11  Marine  
  46  5:15  Missile Turret  
  49  5:29  Supply Depot  
  49  5:31  Widow Mine  
Show
View Real Time Build Order
Export as new Build Order

ILLBdA Protoss 

Build Orders:  

Get SALT Encoding   

  12  0:01  Probe (Chrono Boost)  
  13  0:11  Probe (Chrono Boost)  
  14  0:18  Pylon  
  14  0:22  Probe (Chrono Boost)  
  15  0:37  Probe (Chrono Boost), Gateway  
  15  0:42  Assimilator  
  16  0:47  Probe (Chrono Boost)  
  17  0:58  Probe (Chrono Boost)  
  17  0:59  Assimilator  
  18  1:08  Probe (Chrono Boost)  
  19  1:12  Gateway  
  19  1:19  Probe (Chrono Boost)  
  19  1:25  Cybernetics Core  
  20  1:29  Probe (Chrono Boost)  
  22  1:40  Probe (Chrono Boost), Pylon  
  22  1:50  Probe (Chrono Boost)  
  23  2:01  Adept x2  
  23  2:05  Mothership Core (Chrono Boost)  
  23  2:07  Warp Gate  
  29  2:12  Pylon  
  29  2:28  Adept  
  31  2:30  Adept  
  33  2:45  Pylon x2  
  33  2:56  Pylon  
  33  2:57  Pylon  
  33  3:14  Stargate  
  33  3:23  Adept  
  35  3:27  Stalker  
  31  3:43  Pylon  
  31  3:44  Pylon  
  31  3:50  Probe (Chrono Boost)  
  34  3:57  Void Ray (Chrono Boost)  
  36  4:11  Pylon  
  36  4:13  Sentry x2  
  40  4:35  Fleet Beacon  
  40  4:57  Probe  
  41  5:19  Tempest (Chrono Boost)  
  45  5:25  Nexus  
  45  5:26  Forge  
  45  5:32  Stalker  
  40  5:54  Stalker  
Tags
 
Matchup
PvT
Replay Pack
me
Add a new tag
Caveats
  • Supply blocks, unpowered buildings, or Contaminate may cause inaccurate times.
  • Supply counts are checked every 10 seconds.